| TOP OF THE 1ST |
|
Delmarva Shorebirds batting - Pitching for Greenville Drive : LHP Rob Hymowitz
|
|
Pitching: LHP Rob Hymowitz
|
|
|
Batting: RHB Wes Reynolds
|
0-0: Called Strike 0-1: Ball 1-1: Ball 2-1: Ball 3-1: Reached on error, E5 (Groundball, 5, EV 100.0 MPH)
|
|
Batting: LHB Eric Jackson
|
0-0: Ball 1-0: Swinging Strike 1-1: Ball 2-1: Ball 3-1: Foul Ball, location: 2F Balk! Wes Reynolds to third 3-2: Base on Balls
|
|
Batting: RHB Daniel Jackson
|
0-0: Called Strike Eric Jackson is caught stealing 2nd base 2-4 0-1: Fly out, F7 (Flyball, 7LS, EV 89.4 MPH) Runner from 3rd tags up, SCORES, throw by LF
|
|
Batting: RHB Luke Vaccarino
|
0-0: Ball 1-0: Foul Ball, location: 2F 1-1: Ball 2-1: Foul Ball, location: 2F 2-2: Ball 3-2: Strikes out swinging
|
| Top of the 1st over - 1 run, 0 hits, 1 error, 0 left on base; Delmarva 1 - Greenville 0 |
| BOTTOM OF THE 1ST |
|
Greenville Drive batting - Pitching for Delmarva Shorebirds : LHP Luis Perez
|
|
Pitching: LHP Luis Perez
|
|
|
Batting: RHB Tony Nunez
|
0-0: Ground out 6-3 (Groundball, 6, EV 81.2 MPH)
|
|
Batting: RHB Alex Cardenas
|
0-0: Called Strike 0-1: Called Strike 0-2: Ground out 4-3 (Groundball, 4, EV 106.2 MPH)
|
|
Batting: RHB Jim Hubbard
|
0-0: Called Strike 0-1: Foul Ball, location: 2F 0-2: Ball 1-2: SINGLE (Groundball, 4S, EV 65.6 MPH) (infield hit)
|
|
Batting: RHB Adugna Chandu
|
0-0: Ball 1-0: Ball Jim Hubbard is caught stealing 2nd base 2-4
|
| Bottom of the 1st over - 0 runs, 1 hit, 0 errors, 0 left on base; Delmarva 1 - Greenville 0 |
| TOP OF THE 2ND |
|
Delmarva Shorebirds batting - Pitching for Greenville Drive : LHP Rob Hymowitz
|
|
Batting: RHB Maup Gommers
|
0-0: Ball 1-0: Ball 2-0: Foul Ball, location: 2F 2-1: Foul Ball, location: 2F 2-2: Ground out U3 (Groundball, 3, EV 82.5 MPH)
|
|
Batting: RHB Mike Pitts
|
0-0: Ball 1-0: Called Strike 1-1: Called Strike 1-2: Strikes out swinging
|
|
Batting: RHB Ismael Macedo
|
0-0: Swinging Strike 0-1: Ball 1-1: Swinging Strike 1-2: Ground out 6-3 (Groundball, 6, EV 91.9 MPH)
|
| Top of the 2nd over - 0 runs, 0 hits, 0 errors, 0 left on base; Delmarva 1 - Greenville 0 |
| BOTTOM OF THE 2ND |
|
Greenville Drive batting - Pitching for Delmarva Shorebirds : LHP Luis Perez
|
|
Batting: RHB Adugna Chandu
|
0-0: Called Strike 0-1: Swinging Strike 0-2: Strikes out swinging
|
|
Batting: RHB Bobby Schimke
|
0-0: SINGLE (Groundball, 4MD, EV 105.6 MPH)
|
|
Batting: RHB Ted Emmerich
|
0-0: Called Strike 0-1: Called Strike 0-2: Ball 1-2: SINGLE (Groundball, 6MD, EV 101.9 MPH) (infield hit) Bobby Schimke to second
|
|
Batting: RHB Paul Long
|
0-0: Foul Ball, location: 2F 0-1: Foul Ball, location: 2F 0-2: Fly out, F7 (Flyball, 78S, EV 95.0 MPH)
|
|
Batting: RHB Scott Hawkins
|
0-0: Reached on error, E6 (Groundball, 6, EV 106.2 MPH) Bobby Schimke to third Ted Emmerich to second
|
|
Batting: RHB Roger Mitchell
|
0-0: Foul Ball, location: 2F 0-1: Swinging Strike 0-2: Strikes out swinging
|
| Bottom of the 2nd over - 0 runs, 2 hits, 1 error, 3 left on base; Delmarva 1 - Greenville 0 |
| TOP OF THE 3RD |
|
Delmarva Shorebirds batting - Pitching for Greenville Drive : LHP Rob Hymowitz
|
|
Batting: LHB Ralph Braine
|
0-0: Foul Ball, location: 2F 0-1: Swinging Strike 0-2: Foul Ball, location: 2F 0-2: Ball 1-2: Ball 2-2: Ball 3-2: Foul Ball, location: 2F 3-2: Foul Ball, location: 2F 3-2: Ground out U3 (Groundball, 3, EV 91.9 MPH)
|
|
Batting: RHB Tony Godley
|
0-0: Ball 1-0: Ball 2-0: SINGLE (Groundball, 6MS, EV 99.4 MPH)
|
|
Batting: RHB Wes Reynolds
|
0-0: Foul Ball, location: 2F 0-1: Ball 1-1: Ball 2-1: Called Strike 2-2: Strikes out swinging
|
|
Batting: LHB Eric Jackson
|
0-0: Called Strike Tony Godley steals 2nd base 0-1: Called Strike 0-2: Strikes out swinging
|
| Top of the 3rd over - 0 runs, 1 hit, 0 errors, 1 left on base; Delmarva 1 - Greenville 0 |
| BOTTOM OF THE 3RD |
|
Greenville Drive batting - Pitching for Delmarva Shorebirds : LHP Luis Perez
|
|
Batting: RHB Tony Nunez
|
0-0: Ball 1-0: Ball 2-0: Swinging Strike 2-1: Called Strike 2-2: Ground out 6-3 (Groundball, 6, EV 84.4 MPH)
|
|
Batting: RHB Alex Cardenas
|
0-0: Called Strike 0-1: Ball 1-1: Ball 2-1: SINGLE (Groundball, 6D, EV 98.1 MPH)
|
|
Batting: RHB Jim Hubbard
|
0-0: Called Strike 0-1: Ball 1-1: Ball 2-1: Foul Ball, location: 2F 2-2: Foul Ball, location: 2F 2-2: Fielders Choice at 2nd, 6-4 (Groundball, 6, EV 81.2 MPH)
|
|
Batting: RHB Adugna Chandu
|
0-0: Foul Ball, location: 2F 0-1: Ball 1-1: Fly out, F6 (Popup, 6S, EV 74.4 MPH)
|
| Bottom of the 3rd over - 0 runs, 1 hit, 0 errors, 1 left on base; Delmarva 1 - Greenville 0 |
| TOP OF THE 4TH |
|
Delmarva Shorebirds batting - Pitching for Greenville Drive : LHP Rob Hymowitz
|
|
Batting: RHB Daniel Jackson
|
0-0: Ball 1-0: Ball 2-0: Foul Ball, location: 2F 2-1: Foul Ball, location: 2F 2-2: Fly out, F7 (Flyball, 78D, EV 95.6 MPH)
|
|
Batting: RHB Luke Vaccarino
|
0-0: SINGLE (Line Drive, 89S, EV 93.1 MPH)
|
|
Batting: RHB Maup Gommers
|
0-0: Called Strike 0-1: Fly out, F9 (Flyball, 89M, EV 91.9 MPH)
|
|
Batting: RHB Mike Pitts
|
0-0: Ball 1-0: Called Strike 1-1: Swinging Strike 1-2: Ball 2-2: Foul Ball, location: 2F 2-2: Ball 3-2: Base on Balls Luke Vaccarino to second
|
|
Batting: RHB Ismael Macedo
|
0-0: Ball 1-0: Called Strike 1-1: Called Strike 1-2: Ball 2-2: Ball 3-2: Foul Ball, location: 2F 3-2: Foul Ball, location: 2F 3-2: SINGLE (Line Drive, 78S, EV 110.6 MPH) Luke Vaccarino to third Mike Pitts to second Luke Vaccarino scores Mike Pitts to third
|
|
Batting: LHB Ralph Braine
|
0-0: Ball Ismael Macedo steals 2nd base 1-0: Ground out 5-3 (Groundball, 56S, EV 70.6 MPH)
|
| Top of the 4th over - 1 run, 2 hits, 0 errors, 2 left on base; Delmarva 2 - Greenville 0 |
| BOTTOM OF THE 4TH |
|
Greenville Drive batting - Pitching for Delmarva Shorebirds : LHP Luis Perez
|
|
Batting: RHB Bobby Schimke
|
0-0: Ball 1-0: Called Strike 1-1: Fly out, F8 (Flyball, 8LD, EV 100.6 MPH)
|
|
Batting: RHB Ted Emmerich
|
0-0: Swinging Strike 0-1: SINGLE (Groundball, 4MD, EV 98.1 MPH)
|
|
Batting: RHB Paul Long
|
0-0: Foul Ball, location: 2F 0-1: Grounds into double play, 6-4-3 (Groundball, 6, EV 82.5 MPH)
|
| Bottom of the 4th over - 0 runs, 1 hit, 0 errors, 0 left on base; Delmarva 2 - Greenville 0 |
| TOP OF THE 5TH |
|
Delmarva Shorebirds batting - Pitching for Greenville Drive : LHP Rob Hymowitz
|
|
Batting: RHB Tony Godley
|
0-0: Hit by Pitch
|
|
Batting: RHB Wes Reynolds
|
0-0: Fly out, F7 (Flyball, 7D, EV 95.6 MPH)
|
|
Batting: LHB Eric Jackson
|
0-0: Called Strike 0-1: Ball 1-1: Foul Ball, location: 2F 1-2: Foul Ball, location: 2F 1-2: Foul Ball, location: 2F 1-2: Hit by Pitch Tony Godley to second
|
|
Batting: RHB Daniel Jackson
|
0-0: Swinging Strike 0-1: Ball 1-1: Grounds into double play, 6-4-3 (Groundball, 6S, EV 80.0 MPH)
|
| Top of the 5th over - 0 runs, 0 hits, 0 errors, 1 left on base; Delmarva 2 - Greenville 0 |
| BOTTOM OF THE 5TH |
|
Greenville Drive batting - Pitching for Delmarva Shorebirds : LHP Luis Perez
|
|
Batting: RHB Scott Hawkins
|
0-0: Ball 1-0: Ball 2-0: Foul Ball, location: 2F 2-1: Foul Ball, location: 2F 2-2: Ground out 6-3 (Groundball, 6S, EV 88.8 MPH)
|
|
Batting: RHB Roger Mitchell
|
0-0: SINGLE (Line Drive, 5D, EV 97.5 MPH)
|
|
Batting: RHB Tony Nunez
|
0-0: Ball 1-0: Ball 2-0: 2-RUN HOME RUN (Flyball, 78XD, EV 103.8 MPH), Distance : 428 ft
|
|
Batting: RHB Alex Cardenas
|
0-0: Foul Ball, location: 2F 0-1: Ball 1-1: Foul Ball, location: 2F 1-2: Ball 2-2: TRIPLE (Flyball, 9LD, EV 97.5 MPH)
|
|
Batting: RHB Jim Hubbard
|
0-0: Foul Ball, location: 2F 0-1: Swinging Strike 0-2: Ball 1-2: Strikes out swinging
|
|
Batting: RHB Adugna Chandu
|
0-0: Foul Ball, location: 2F 0-1: Fly out, F7 (Flyball, 7D, EV 107.5 MPH)
|
| Bottom of the 5th over - 2 runs, 3 hits, 0 errors, 1 left on base; Delmarva 2 - Greenville 2 |
| TOP OF THE 6TH |
|
Delmarva Shorebirds batting - Pitching for Greenville Drive : LHP Rob Hymowitz
|
|
Batting: RHB Luke Vaccarino
|
0-0: Ball 1-0: Ball 2-0: Ball 3-0: Ground out 6-3 (Groundball, 6, EV 85.6 MPH)
|
|
Pitching: RHP Adrian Colorado
|
|
|
Batting: RHB Maup Gommers
|
0-0: Called Strike 0-1: Foul Ball, location: 2F 0-2: Ball 1-2: Ball 2-2: Ball 3-2: Base on Balls
|
|
Batting: RHB Mike Pitts
|
0-0: Foul Ball, location: 2F 0-1: Called Strike 0-2: Foul Ball, location: 2F 0-2: Ball 1-2: Ball 2-2: Strikes out swinging
|
|
Batting: RHB Ismael Macedo
|
0-0: Ball 1-0: Called Strike 1-1: Ball 2-1: Foul Ball, location: 2F 2-2: Fly out, F8 (Flyball, 78D, EV 85.6 MPH)
|
| Top of the 6th over - 0 runs, 0 hits, 0 errors, 1 left on base; Delmarva 2 - Greenville 2 |
| BOTTOM OF THE 6TH |
|
Greenville Drive batting - Pitching for Delmarva Shorebirds : LHP Luis Perez
|
|
Batting: RHB Bobby Schimke
|
0-0: Ball 1-0: Called Strike 1-1: Called Strike 1-2: Strikes out looking
|
|
Batting: RHB Ted Emmerich
|
0-0: Foul Ball, location: 2F 0-1: Ball 1-1: Ball 2-1: Swinging Strike 2-2: Ball 3-2: Base on Balls
|
|
Batting: RHB Paul Long
|
0-0: Ball 1-0: Fielders Choice at 2nd, 5-4 (Groundball, 5S, EV 78.1 MPH)
|
|
Batting: RHB Scott Hawkins
|
0-0: Ball 1-0: Ground out 4-3 (Groundball, 4, EV 91.9 MPH)
|
| Bottom of the 6th over - 0 runs, 0 hits, 0 errors, 1 left on base; Delmarva 2 - Greenville 2 |
| TOP OF THE 7TH |
|
Delmarva Shorebirds batting - Pitching for Greenville Drive : RHP Adrian Colorado
|
|
Pitching: LHP Anton Lara
|
|
|
Batting: LHB Ralph Braine
|
0-0: Ball 1-0: Foul Ball, location: 2F 1-1: Called Strike 1-2: Ball 2-2: Foul Ball, location: 2F 2-2: Fly out, F9 (Flyball, 89M, EV 98.1 MPH)
|
|
Pitching: RHP Paul Carter
|
|
|
Batting: RHB Tony Godley
|
0-0: Called Strike 0-1: Swinging Strike 0-2: Ball 1-2: Fly out, F4 (Line Drive, 4, EV 72.5 MPH)
|
|
Batting: RHB Wes Reynolds
|
0-0: Foul Ball, location: 2F 0-1: Ball 1-1: Ball 2-1: Foul Ball, location: 2F 2-2: Fly out, F3 (Popup, 3SF, EV 73.1 MPH)
|
| Top of the 7th over - 0 runs, 0 hits, 0 errors, 0 left on base; Delmarva 2 - Greenville 2 |
| BOTTOM OF THE 7TH |
|
Greenville Drive batting - Pitching for Delmarva Shorebirds : LHP Luis Perez
|
|
Batting: RHB Roger Mitchell
|
0-0: Ball 1-0: Ball 2-0: Fly out, F9 (Flyball, 9S, EV 82.5 MPH)
|
|
Batting: RHB Tony Nunez
|
0-0: Called Strike 0-1: Ball 1-1: Swinging Strike 1-2: Ball 2-2: Foul Ball, location: 2F 2-2: Strikes out looking
|
|
Batting: RHB Alex Cardenas
|
0-0: Fly out, F9 (Flyball, 9D, EV 102.5 MPH)
|
| Bottom of the 7th over - 0 runs, 0 hits, 0 errors, 0 left on base; Delmarva 2 - Greenville 2 |
| TOP OF THE 8TH |
|
Delmarva Shorebirds batting - Pitching for Greenville Drive : RHP Paul Carter
|
|
Batting: LHB Eric Jackson
|
0-0: Ball 1-0: Ball 2-0: Ball 3-0: Base on Balls
|
|
Batting: RHB Daniel Jackson
|
0-0: Ball 1-0: Ball 2-0: Called Strike 2-1: Ball 3-1: Foul Ball, location: 2F 3-2: Foul Ball, location: 2F 3-2: SINGLE (Line Drive, 4MD, EV 95.0 MPH) Eric Jackson to second
|
|
Batting: RHB Luke Vaccarino
|
0-0: Called Strike 0-1: Ball 1-1: Ball 2-1: Ball 3-1: SINGLE (Groundball, 25, EV 74.4 MPH) (infield hit) Eric Jackson to third Daniel Jackson to second
|
|
Batting: RHB Maup Gommers
|
0-0: Ball Wild Pitch! Eric Jackson scores Daniel Jackson to third Luke Vaccarino to second 1-0: Ball 2-0: Called Strike 2-1: Swinging Strike 2-2: Ball 3-2: Strikes out swinging
|
|
Batting: RHB Mike Pitts
|
0-0: Ball 1-0: Called Strike 1-1: Foul Ball, location: 2F 1-2: Strikes out swinging
|
|
Pitching: RHP Ross Ratcliffe
|
|
|
Batting: RHB Ismael Macedo
|
0-0: Ball 1-0: Ball 2-0: Foul Ball, location: 2F 2-1: Foul Ball, location: 2F 2-2: Strikes out swinging, 2-3 out at first.
|
| Top of the 8th over - 1 run, 2 hits, 0 errors, 2 left on base; Delmarva 3 - Greenville 2 |
| BOTTOM OF THE 8TH |
|
Greenville Drive batting - Pitching for Delmarva Shorebirds : LHP Luis Perez
|
|
Batting: RHB Jim Hubbard
|
0-0: Called Strike 0-1: Ball 1-1: Foul Ball, location: 2F 1-2: Ground out 5-3 (Groundball, 5L, EV 101.9 MPH)
|
|
Batting: RHB Adugna Chandu
|
0-0: Foul Ball, location: 2F 0-1: Ball 1-1: Foul Ball, location: 2F 1-2: Ground out 6-3 (Groundball, 56, EV 90.0 MPH)
|
|
Batting: RHB Bobby Schimke
|
0-0: Called Strike 0-1: Ball 1-1: Ground out 6-3 (Groundball, 56S, EV 66.9 MPH)
|
| Bottom of the 8th over - 0 runs, 0 hits, 0 errors, 0 left on base; Delmarva 3 - Greenville 2 |
| TOP OF THE 9TH |
|
Delmarva Shorebirds batting - Pitching for Greenville Drive : RHP Ross Ratcliffe
|
|
Pitching: LHP Jason Salzer
|
|
|
Batting: LHB Ralph Braine
|
0-0: Ball 1-0: Called Strike 1-1: Foul Ball, location: 2F 1-2: Ball 2-2: Ball 3-2: Foul Ball, location: 2F 3-2: Foul Ball, location: 2F 3-2: Base on Balls
|
|
Batting: RHB Tony Godley
|
0-0: SINGLE (Line Drive, 7S, EV 96.9 MPH) Ralph Braine to second
|
|
Batting: RHB Wes Reynolds
|
0-0: Called Strike 0-1: Ball 1-1: Ball 2-1: Ball 3-1: Fielders Choice at 2nd, 6-4 (Groundball, 6M, EV 101.2 MPH) Ralph Braine to third
|
|
Batting: LHB Eric Jackson
|
0-0: Called Strike 0-1: Swinging Strike 0-2: Ball 1-2: Ball 2-2: Strikes out swinging
|
|
Batting: RHB Daniel Jackson
|
0-0: Called Strike 0-1: DOUBLE (Line Drive, 9LM, EV 93.1 MPH) Ralph Braine scores Wes Reynolds to third Runner from 3rd tries for Home, SAFE, throw by RF to home
|
|
Batting: RHB Luke Vaccarino
|
0-0: Called Strike 0-1: Swinging Strike 0-2: Ball 1-2: Foul Ball, location: 2F 1-2: Strikes out looking
|
| Top of the 9th over - 2 runs, 2 hits, 0 errors, 1 left on base; Delmarva 5 - Greenville 2 |
| BOTTOM OF THE 9TH |
|
Greenville Drive batting - Pitching for Delmarva Shorebirds : LHP Luis Perez
|
|
Pitching: RHP Manny Rolfe
|
|
|
Batting: RHB Ted Emmerich
|
0-0: Called Strike 0-1: Ball 1-1: Ground out 5-3 (Groundball, 56, EV 102.5 MPH)
|
|
Pinch Hitting: LHB Danny Montoya
|
0-0: Called Strike 0-1: Ball 1-1: Swinging Strike 1-2: Ball 2-2: Ground out U3 (Groundball, 13, EV 85.6 MPH)
|
|
Batting: RHB Scott Hawkins
|
0-0: Called Strike 0-1: Swinging Strike 0-2: SINGLE (Line Drive, 56D, EV 103.8 MPH)
|
|
Pinch Hitting: SHB Robert Soto
|
0-0: Foul Ball, location: 2F 0-1: Ball 1-1: Ball 2-1: 2-RUN HOME RUN (Line Drive, 9D, EV 103.1 MPH), Distance : 400 ft
|
|
Batting: RHB Tony Nunez
|
0-0: SINGLE (Line Drive, 6MD, EV 99.4 MPH)
|
|
Batting: RHB Alex Cardenas
|
0-0: Ball 1-0: Ball 2-0: Called Strike 2-1: Ball 3-1: Base on Balls Tony Nunez to second
|
|
Batting: RHB Jim Hubbard
|
0-0: Ball 1-0: Called Strike 1-1: SINGLE (Groundball, 6S, EV 70.0 MPH) (infield hit) Tony Nunez to third Alex Cardenas to second
|
|
Batting: LHB Eddie Contreras
|
0-0: Called Strike 0-1: Called Strike 0-2: Strikes out swinging
|
| Bottom of the 9th over - 2 runs, 4 hits, 0 errors, 3 left on base; Delmarva 5 - Greenville 4 |
|